 Dungeon Crawl Stone Soup version 0.30.0-29-ga12c61a403 (webtiles) character file.

Game seed: 12891979105818559221

113 seaoflcl the Trooper (level 4, -1/36 HPs)
             Began as a Demonspawn Fighter on June 4, 2023.
             Was a Believer of Dithmenos.
             Slain by an orc
             ... wielding a +0 flail
              (5 damage)
             ... on level 3 of the Dungeon.
             The game lasted 00:03:22 (1925 turns).

seaoflcl the Trooper (Demonspawn Fighter)           Turns: 1925, Time: 00:03:23

Health: -1/36      AC:  8    Str: 19    XL:     4   Next: 65%
Magic:  4/4        EV:  9    Int:  9    God:    Dithmenos [**....]
Gold:   73         SH:  4    Dex: 12    Spells: 3/3 levels left

rFire   + . .        a - +0 long sword
rCold   + . .        c - +0 buckler
rNeg    . . .        b - +0 scale mail
rPois   .            (no helmet)
rElec   .            q - scarf {rC+ rF+}
rCorr   .            j - +0 pair of gloves
SInv    .            (no boots)
Will    .....        o - amulet of the acrobat Stlth
                     (no ring)
HPRegen 0.26/turn    (no ring)
MPRegen 0.09/turn

%: acrobat
@: mighty, wreathed by umbra
A: demonic magic 1
a: Renounce Religion, Shadow Step


You were on level 3 of the Dungeon.
You worshipped Dithmenos.
Dithmenos was pleased with you.
You visited 1 branch of the dungeon, and saw 3 of its levels.

You collected 73 gold pieces.

Inventory:

Hand Weapons
 a - a +0 long sword (weapon)
Missiles
 g - 8 javelins (quivered)
 i - 14 poisoned darts
 m - 4 atropa-tipped darts
Armour
 b - a +0 scale mail (worn)
 c - a +0 buckler (worn)
 j - a +0 pair of gloves (worn)
 q - a scarf of resistance (worn)
Jewellery
 o - an amulet of the acrobat (around neck)
Scrolls
 e - a scroll of identify {unknown}
 h - a scroll of vulnerability {unknown}
 k - a scroll of fear {unknown}
 p - a scroll of teleportation {unknown}
Potions
 f - a potion of magic {unknown}
 l - a potion of flight {unknown}
 n - a potion of heal wounds {unknown}


   Skills:
 + Level 3.6 Fighting
 + Level 3.1 Long Blades
 + Level 3.2 Armour
 + Level 1.0 Dodging
 + Level 0.1 Stealth
 + Level 3.0 Shields


You had 3 spell levels left.
You didn't know any spells.
Your spell library contained the following spells:

 Spells                   Type           Power      Damage    Failure   Level
 Sublimation of Blood     Necr           0%         N/A       92%         2
 Petrify                  Tmut/Erth      0%         N/A       100%        4
 Irradiate                Conj/Tmut      0%         3d11      100%        5


Dungeon Overview and Level Annotations

Branches:
Dungeon (3/15)

Altars:
Dithmenos


Innate Abilities, Weirdness & Mutations

Spells you cast may paralyse adjacent enemies.


Message History

The orc completely misses you. You block the orc's attack. x2
You slash the orc!
You kill the orc!
Dithmenos accepts your kill. The orc hits you with a +0 trident!
The orc hits you but does no damage. The orc hits you with a +0 flail.
The orc hits you with a +0 trident.
* * * LOW HITPOINT WARNING * * *
The orc attacks as you move away! The orc hits you with a +0 flail.
* * * LOW HITPOINT WARNING * * *
You block the orc's attack. The orc attacks as you move away!
The orc misses you. The orc attacks as you move away!
You block the orc's attack.
You hit the orc.
The orc is lightly wounded.
The orc closely misses you.
You hit the orc.
The orc is heavily wounded.
The orc closely misses you. The orc barely misses you.
You hit the orc but do no damage.
The orc is heavily wounded.
The orc hits you from afar with a +0 trident.
* * * LOW HITPOINT WARNING * * *
You block the orc's attack.
The orc hits you from afar with a +0 trident.
* * * LOW HITPOINT WARNING * * *
You hit the orc but do no damage.
The orc is heavily wounded.
The orc barely misses you. You block the orc's attack.
You closely miss the orc.
The orc is heavily wounded.
The orc hits you but does no damage.
The orc hits you from afar with a +0 trident.
* * * LOW HITPOINT WARNING * * *
You hit the orc but do no damage.
The orc is heavily wounded.
The orc hits you but does no damage. The orc closely misses you.
The orc completely misses you. The orc barely misses you.
You feel very mighty all of a sudden. The orc hits you with a +0 flail.
You die...

#... #..# ..#
#..# #.##..# #
#†#o.# #.##).)#
#.#....###
#...?...o.##
#$$#.####.o## #.
#......@.#+
#########..##
.......[....##
###########..#
#...........#
#.#########....#
#.# #.#.# #.# .#
# #####.# ..


You could see 2 orcs.

Vanquished Creatures
  An orc wizard (D:3)
  3 adders (D:2)
  A worm (D:3)
  2 orcs (D:3)
  8 endoplasms
  5 giant cockroaches
  A goblin (D:1)
  7 hobgoblins
  4 jackals (D:2)
  3 kobolds (D:1)
  5 quokkas
  2 ball pythons
  2 bats (D:1)
  2 frilled lizards
  6 rats
52 creatures vanquished.

Notes
Turn   | Place    | Note
-------+----------+-------------------------------------------
     0 | D:1      | seaoflcl the Demonspawn Fighter began the quest for the
                  | Orb.
     0 | D:1      | Reached XP level 1. HP: 18/18 MP: 1/1
    40 | D:1      | Found a faded altar of an unknown god.
    54 | D:1      | Prayed at the altar of an unknown god.
    54 | D:1      | Became a worshipper of Dithmenos the Shadowed
    54 | D:1      | Reached * piety under Dithmenos
   169 | D:1      | Gained mutation: Spells you cast may paralyse adjacent
                  | enemies. [demonic ancestry]
   169 | D:1      | Reached XP level 2. HP: 17/24 MP: 2/2
   780 | D:2      | Reached ** piety under Dithmenos
   800 | D:2      | Reached XP level 3. HP: 21/29 MP: 3/3
  1385 | D:2      | Reached XP level 4. HP: 34/35 MP: 4/4
  1907 | D:3      | Reached skill level 1 in Dodging
  1925 | D:3      | Slain by an orc

Illustrated notes

Levels and vault maps discovered:
D:1:      dpeg_arrival_tiny_c, layout_basic, shapermc_ecumenical_altar_pompeii,
          nrook_mini_backslash
D:2:      layout_basic
D:3:      layout_basic, tso_metal_star, mainiacjoe_overflow_tiny_flanked,
          uniq_crazy_yiuf_cottage

Skill      XL: |  1  2  3  4 |
---------------+-------------+-----
Armour         | 3 |  3.2
Long Blades    | 2 3 |  3.1
Dodging        | 1 |  1.0
Shields        | 3 |  3.0
Fighting       | |  3.6
Stealth        | |  0.1

Action                     |  1- 3 |  4- 6 || total
---------------------------+-------+-------++-------
  Melee: Long sword        |   126 |    41 ||   167
    Use: Potion            |       |     1 ||     1
 Armour: Scale mail        |    54 |    19 ||    73
  Dodge: Dodged            |    75 |    29 ||   104
  Block: Buckler           |    42 |    18 ||    60
